 Dungeon Crawl Stone Soup version 0.26.1-11-gd32895ea62 (webtiles) character file.

Game seed: 12825622763425205882

51 Saba the Bolt Thrower (level 3, -1/22 HPs)
             Began as a Gargoyle Hunter on July 6, 2021.
             Slain by an adder (4 damage)
             ... on level 2 of the Dungeon.
             The game lasted 00:01:28 (1162 turns).

Saba the Bolt Thrower (Gargoyle Hunter)             Turns: 1162, Time: 00:01:29

Health: -1/22      AC:  8    Str: 16    XL:     3   Next: 81%
Magic:  3/3        EV: 11    Int: 13    God:
Gold:   21         SH:  0    Dex: 10    Spells: 2/2 levels left

rFire    . . .     SeeInvis .   m - +0 rapier
rCold    + + .     Faith    .   (no shield)
rNeg     + . .     Spirit   .   l - +0 ring mail {rPois}
rPois    ∞         Reflect  .   (no helmet)
rElec    +         Harm     .   (no cloak)
rCorr    .         Rampage  .   (no gloves)
Will     .....                  (no boots)
Stlth    +.........             (no amulet)
HPRegen  0.07/turn              (no ring)
MPRegen  0.08/turn              (no ring)

@: no status effects
A: clever 1, cold resistance 2, negative energy resistance 1, electricity
resistance, unbreathing, evolution 1, petrification resistance, miasma immunity,
AC +3
a: no special abilities


You were on level 2 of the Dungeon.
You visited 1 branch of the dungeon, and saw 2 of its levels.

You collected 21 gold pieces.

Inventory:

Hand Weapons
 a - a +1 hand crossbow
 m - a +0 rapier (weapon)
Missiles
 d - 20 bolts
Armour
 l - a +0 ring mail of poison resistance (worn)
Scrolls
 e - a scroll of noise {unknown}
 g - a scroll of identify {unknown}
 h - a scroll of fear {unknown}
 j - a scroll of blinking {unknown}
Potions
 f - a potion of mutation


   Skills:
 + Level 2.9 Fighting
 + Level 4.3 Crossbows
 + Level 1.6 Armour
 + Level 2.1 Dodging
 - Level 1.1 Stealth


You had 2 spell levels left.
You didn't know any spells.
Your spell library was empty.

Dungeon Overview and Level Annotations

Branches:
Dungeon (2/15)

Altars:

Annotations:
D:2 Natasha


Innate Abilities, Weirdness & Mutations

You are resistant to torment.
Your stone body is resilient. (AC +3)
You are immune to poison.
You resist negative energy. (rN+)
You are resistant to electric shocks. (rElec)
You can survive without breathing.
You are immune to petrification.
You are immune to miasma.
Your mind is acute. (Int +2)
Your flesh is very cold resistant. (rC++)
You evolve.


Message History

You hit the goblin but do no damage.
Natasha, Servant of Life and Death comes into view.
The goblin hits you but does no damage.
You puncture the goblin!
You kill the goblin!
An adder comes into view.
You closely miss the hobgoblin.
The adder hisses angrily.
The goblin no longer looks unusually strong.
The hobgoblin misses you.
You barely miss the hobgoblin. The adder bites you.
* * * LOW HITPOINT WARNING * * *
The hobgoblin closely misses you. The adder bites you.
* * * LOW HITPOINT WARNING * * *
You hit the hobgoblin.
The hobgoblin is severely wounded.
The adder bites you.
* * * LOW HITPOINT WARNING * * *
The hobgoblin barely misses you. The adder bites you.
You die...

..# .# #.#..# ####.#..#
.....#..# #.##.#..#
#.##....####
#.##........
######)##...###########.
........)....ggg@Sh.....
######.##.#.#g####S..##.
..........#.#.# ..#
######.####...# )#
......†...#...# #
########..#...###
..........#......
###.......†...#..
...†.............


You could see Natasha, 2 adders, 2 hobgoblins and 2 goblins.

Vanquished Creatures
  Robin (D:2)
  An adder (D:2)
  A dart slug (D:1)
  A leopard gecko (D:2)
  A giant cockroach (D:2)
  6 goblins
  5 hobgoblins
  4 kobolds (D:1)
  3 bats (D:1)
  3 rats (D:1)
26 creatures vanquished.

Notes
Turn   | Place    | Note
-------+----------+-------------------------------------------
     0 | D:1      | Saba the Gargoyle Hunter began the quest for the Orb.
     0 | D:1      | Reached XP level 1. HP: 12/12 MP: 1/1
   236 | D:1      | Reached XP level 2. HP: 16/18 MP: 2/2
   675 | D:1      | Reached skill level 1 in Armour
  1036 | D:2      | Reached XP level 3. HP: 22/22 MP: 3/3
  1108 | D:2      | Noticed Robin
  1124 | D:2      | Gained mutation: Your mind is acute. (Int +2) [potion of
                  | mutation]
  1124 | D:2      | Gained mutation: Your flesh is cold resistant. (rC+)
                  | [potion of mutation]
  1124 | D:2      | Gained mutation: Your flesh is very cold resistant. (rC++)
                  | [potion of mutation]
  1124 | D:2      | Gained mutation: You evolve. [potion of mutation]
  1148 | D:2      | Killed Robin
  1158 | D:2      | Noticed Natasha
  1162 | D:2      | Slain by an adder

Illustrated notes

Levels and vault maps discovered:
D:1:      psy_arrival_dodecagon, layout_basic, minmay_misc_feat_plants,
          chequers_serial_rivers_large_b
D:2:      layout_basic, grunt_gozag_breadcrumbs, uniq_robin, uniq_natasha

Skill      XL: |  1  2  3 |
---------------+----------+-----
Armour         | 1 |  1.6
Dodging        | 2 |  2.1
Fighting       | |  2.9
Crossbows      | |  4.3
Stealth        | |  1.1

Action                   || total
-------------------------++-------
Melee: Short sword       ||    82
       Rapier            ||    35
  Use: Potion            ||     4
Armor: Leather armour    ||    25
       Ring mail         ||    55
Dodge: Dodged            ||   123
